2771 views
Uploaded 2020-01-12 17:21:45
Game version 1.32.0.5
20:13 long 3on3 ladder game on (6)BloodstoneMesa_LV
Saved by BEARAND
2771 views
Uploaded 2020-01-12 17:21:45
Game version 1.32.0.5
20:13 long 3on3 ladder game on (6)BloodstoneMesa_LV


105 units @ 15.9k
/ 1.8k
42 buildings @ 6.5k
/ 2.5k


| Peasant | 14 | 1050 | / | 0 |
| Footman | 6 | 810 | / | 0 |
| Rifleman | 8 | 1640 | / | 240 |
| Spell Breaker | 5 | 1075 | / | 150 |
| Harpy Rogue | 2 | 430 | / | 40 |
| Centaur Outrunner | 1 | 195 | / | 0 |
| Razormane Medicine Man | 1 | 350 | / | 60 |
| Harpy Windwitch | 2 | 480 | / | 60 |
| total: | 39 | 6030g | / | 550w |
| Altar of Kings | 1 | 180 | / | 50 |
| Farm | 9 | 720 | / | 180 |
| Barracks | 1 | 160 | / | 60 |
| Blacksmith | 1 | 140 | / | 60 |
| Lumber Mill | 1 | 120 | / | 0 |
| Arcane Vault | 1 | 130 | / | 30 |
| Town Hall | 1 | 385 | / | 205 |
| Arcane Sanctum | 1 | 150 | / | 140 |
| Keep | 1 | 320 | / | 210 |
| total: | 16 | 1985g | / | 725w |
| 0:12 | Peasant |
| 0:12 | Peasant |
| 0:29 | Altar of Kings |
| 0:34 | Farm |
| 0:38 | Barracks |
| 0:52 | Peasant |
| 1:03 | Peasant |
| 1:41 | Farm |
| 1:45 | Farm |
| 1:47 | Peasant |
| 1:50 | Footman |
| 2:22 | Footman |
| 2:23 | Footman |
| 2:32 | Blacksmith |
| 2:38 | Lumber Mill |
| 2:51 | Summon Water Elemental |
| 3:38 | Footman |
| 4:18 | Footman |
| 4:20 | Peasant |
| 4:20 | Peasant |
| 4:26 | Footman |
| 4:29 | Rifleman |
| 4:29 | Rifleman |
| 5:44 | Brilliance Aura |
| 5:56 | Rifleman |
| 5:56 | Rifleman |
| 6:38 | Harpy Rogue |
| 6:38 | Harpy Rogue |
| 6:49 | Farm |
| 6:50 | Keep |
| 7:39 | Rifleman |
| 8:14 | Farm |
| 8:15 | Farm |
| 8:51 | Centaur Outrunner |
| 8:53 | Razormane Medicine Man |
| 9:22 | Summon Water Elemental |
| 9:55 | Arcane Sanctum |
| 9:57 | Rifleman |
| 9:58 | Long Rifles |
| 10:01 | Iron Forged Swords |
| 10:01 | Iron Plating |
| 11:42 | Arcane Vault |
| 11:44 | Peasant |
| 11:44 | Peasant |
| 11:45 | Rifleman |
| 11:45 | Rifleman |
| 12:00 | Brilliance Aura |
| 12:11 | Summon Lava Spawn |
| 12:29 | Farm |
| 13:06 | Spell Breaker |
| 13:06 | Spell Breaker |
| 13:32 | Farm |
| 13:33 | Farm |
| 14:34 | Harpy Windwitch |
| 14:34 | Harpy Windwitch |
| 15:24 | Spell Breaker |
| 15:24 | Spell Breaker |
| 15:24 | Spell Breaker |
| 15:54 | Peasant |
| 15:54 | Peasant |
| 15:54 | Peasant |
| 16:03 | Peasant |
| 16:03 | Peasant |
| 18:42 | Town Hall |
| Right click | 1071 |
| Select | 258 |
| Build/train/purchase | 73 |
| Select group | 24 |
| Assign group | 9 |
| Use ability | 6 |
| Esc | 2 |
| Minimap ping | 2 |
| Misc. action | 1 |
| Remove unit | 1 |

| Acolyte | 2 | 150 | / | 0 |
| Ghoul | 10 | 1200 | / | 0 |
| Gargoyle | 16 | 2800 | / | 480 |
| total: | 28 | 4150g | / | 480w |
| Crypt | 3 | 600 | / | 150 |
| Ziggurat | 6 | 900 | / | 300 |
| Altar of Darkness | 1 | 180 | / | 50 |
| Graveyard | 1 | 215 | / | 0 |
| Halls of the Dead | 1 | 320 | / | 210 |
| Black Citadel | 1 | 325 | / | 230 |
| total: | 11 | 1895g | / | 500w |
| 0:03 | Acolyte |
| 0:03 | Acolyte |
| 0:07 | Crypt |
| 0:11 | Ziggurat |
| 0:33 | Altar of Darkness |
| 1:02 | Crypt |
| 1:06 | Ziggurat |
| 1:12 | Ghoul |
| 1:16 | Ghoul |
| 1:42 | Ghoul |
| 1:57 | Ghoul |
| 2:07 | Crypt |
| 2:23 | Ghoul |
| 4:04 | Ghoul |
| 4:04 | Ghoul |
| 4:34 | Halls of the Dead |
| 4:39 | Ziggurat |
| 5:08 | Vampiric Aura |
| 5:49 | Ghoul |
| 5:49 | Ghoul |
| 6:13 | Graveyard |
| 7:36 | Black Citadel |
| 7:49 | Ghoul |
| 7:56 | Ziggurat |
| 7:59 | Ziggurat |
| 8:07 | Ziggurat |
| 9:08 | Gargoyle |
| 9:09 | Gargoyle |
| 9:09 | Gargoyle |
| 9:09 | Gargoyle |
| 9:12 | Creature Attack |
| 9:40 | Creature Carapace |
| 9:42 | Unholy Strength |
| 11:08 | Gargoyle |
| 11:08 | Gargoyle |
| 11:10 | Gargoyle |
| 11:48 | Improved Creature Attack |
| 13:28 | Advanced Creature Attack |
| 13:33 | Gargoyle |
| 13:34 | Gargoyle |
| 13:36 | Gargoyle |
| 15:22 | Improved Creature Carapace |
| 15:29 | Gargoyle |
| 15:29 | Gargoyle |
| 15:30 | Gargoyle |
| 15:30 | Gargoyle |
| 15:41 | Sleep |
| 16:45 | Gargoyle |
| 16:45 | Gargoyle |
| Right click | 138 |
| Select | 99 |
| Build/train/purchase | 39 |
| Use ability | 2 |
| Remove unit | 1 |

| Lesser Clarity Potion | 1 | 70 |
| Potion of Healing | 3 | 450 |
| Orb of Venom | 1 | 325 |
| Anti-magic Potion | 1 | 100 |
| Scroll of Town Portal | 2 | 700 |
| Boots of Speed | 1 | 250 |
| total: | 9 | 1895g |
| Wisp | 18 | 1080 | / | 0 |
| Archer | 10 | 1300 | / | 100 |
| Chimaera | 10 | 3300 | / | 700 |
| total: | 38 | 5680g | / | 800w |
| Moon Well | 6 | 1080 | / | 240 |
| Altar of Elders | 2 | 360 | / | 100 |
| Ancient of War | 1 | 150 | / | 60 |
| Ancient of Wonders | 1 | 90 | / | 30 |
| Tree of Life | 1 | 340 | / | 185 |
| Hunter's Hall | 1 | 210 | / | 100 |
| Chimaera Roost | 3 | 420 | / | 570 |
| Tree of Ages | 1 | 320 | / | 180 |
| Tree of Eternity | 3 | 990 | / | 600 |
| total: | 15 | 2650g | / | 1285w |
| 0:02 | Wisp |
| 0:02 | Wisp |
| 0:03 | Wisp |
| 0:03 | Wisp |
| 0:21 | Moon Well |
| 0:28 | Altar of Elders |
| 0:35 | Altar of Elders |
| 0:39 | Wisp |
| 0:47 | Ancient of War |
| 0:49 | Wisp |
| 1:05 | Wisp |
| 1:20 | Wisp |
| 1:32 | Moon Well |
| 1:35 | Wisp |
| 1:48 | Archer |
| 1:55 | Ancient of Wonders |
| 2:02 | Archer |
| 2:23 | Moon Well |
| 2:32 | Archer |
| 2:36 | Shadow Strike |
| 2:43 | Wisp |
| 2:54 | Archer |
| 3:22 | Archer |
| 3:29 | Archer |
| 3:33 | Lesser Clarity Potion |
| 3:39 | Wisp |
| 3:49 | Moon Well |
| 4:03 | Archer |
| 4:45 | Tree of Ages |
| 5:01 | Archer |
| 6:07 | Blink |
| 6:46 | Moon Well |
| 6:55 | Boots of Speed |
| 7:06 | Tree of Eternity |
| 7:43 | Archer |
| 7:55 | Blink |
| 8:04 | Potion of Healing |
| 8:12 | Archer |
| 9:27 | Tree of Life |
| 9:33 | Chimaera Roost |
| 9:33 | Chimaera Roost |
| 9:38 | Chimaera Roost |
| 9:50 | Shadow Strike |
| 10:07 | Wisp |
| 10:07 | Wisp |
| 10:09 | Moon Well |
| 10:31 | Orb of Venom |
| 11:23 | Chimaera |
| 11:35 | Chimaera |
| 12:15 | Wisp |
| 12:15 | Wisp |
| 12:15 | Wisp |
| 12:15 | Wisp |
| 12:15 | Wisp |
| 12:52 | Blink |
| 12:56 | Chimaera |
| 13:10 | Hunter's Hall |
| 13:49 | Corrosive Breath |
| 13:50 | Chimaera |
| 14:31 | Chimaera |
| 14:34 | Ultravision |
| 14:35 | Strength of the Wild |
| 14:37 | Improved Strength of the Wild |
| 14:37 | Reinforced Hides |
| 15:25 | Chimaera |
| 16:03 | Chimaera |
| 16:06 | Advanced Strength of the Wild |
| 17:03 | Potion of Healing |
| 17:03 | Scroll of Town Portal |
| 17:20 | Chimaera |
| 17:21 | Chimaera |
| 17:23 | Improved Reinforced Hides |
| 18:04 | Chimaera |
| 19:00 | Potion of Healing |
| 19:03 | Scroll of Town Portal |
| 19:04 | Anti-magic Potion |
| Right click | 1120 |
| Select group | 474 |
| Select | 405 |
| Build/train/purchase | 83 |
| Use ability | 73 |
| Misc. action | 58 |
| Assign group | 25 |
| Item give/drop | 7 |
| Esc | 4 |
| Minimap ping | 2 |
66 units @ 4.7k
/ 0k
211 buildings @ 12.6k
/ 6k



x1)
| Scroll of Regeneration | 2 | 200 |
| Staff of Sanctuary | 2 | 500 |
| Boots of Speed | 3 | 750 |
| Staff of Teleportation | 3 | 450 |
| Tome of Retraining | 1 | 300 |
| Circlet of Nobility | 1 | 175 |
| total: | 12 | 2375g |
| Peasant | 21 | 1575 | / | 0 |
| Priest | 2 | 270 | / | 20 |
| total: | 23 | 1845g | / | 20w |
| Scout Tower | 60 | 1800 | / | 1200 |
| Arcane Tower | 4 | 280 | / | 200 |
| Guard Tower | 28 | 1960 | / | 1400 |
| Altar of Kings | 1 | 180 | / | 50 |
| Lumber Mill | 1 | 120 | / | 0 |
| Farm | 3 | 240 | / | 60 |
| Arcane Vault | 2 | 260 | / | 60 |
| Town Hall | 1 | 385 | / | 205 |
| Arcane Sanctum | 1 | 150 | / | 140 |
| Keep | 1 | 320 | / | 210 |
| Castle | 1 | 360 | / | 210 |
| total: | 69 | 3135g | / | 1715w |
| 0:01 | Peasant |
| 0:03 | Altar of Kings |
| 0:07 | Peasant |
| 0:18 | Lumber Mill |
| 0:19 | Peasant |
| 0:32 | Farm |
| 0:38 | Peasant |
| 0:55 | Peasant |
| 1:02 | Farm |
| 1:05 | Peasant |
| 1:10 | Peasant |
| 1:20 | Scout Tower |
| 1:22 | Scout Tower |
| 1:23 | Peasant |
| 1:33 | Scout Tower |
| 1:39 | Peasant |
| 1:46 | Arcane Tower |
| 1:49 | Peasant |
| 2:02 | Arcane Tower |
| 2:03 | Peasant |
| 2:11 | Guard Tower |
| 2:21 | Improved Masonry |
| 2:22 | Peasant |
| 2:24 | Summon Water Elemental |
| 2:31 | Scout Tower |
| 2:32 | Peasant |
| 3:22 | Scout Tower |
| 3:26 | Guard Tower |
| 3:31 | Peasant |
| 3:56 | Keep |
| 4:02 | Scout Tower |
| 4:03 | Guard Tower |
| 4:13 | Arcane Vault |
| 4:50 | Guard Tower |
| 5:17 | Brilliance Aura |
| 5:32 | Scout Tower |
| 5:32 | Scout Tower |
| 5:42 | Boots of Speed |
| 5:42 | Staff of Teleportation |
| 6:48 | Peasant |
| 6:48 | Peasant |
| 6:48 | Peasant |
| 6:50 | Farm |
| 6:50 | Advanced Masonry |
| 6:50 | Improved Lumber Harvesting |
| 6:51 | Guard Tower |
| 6:52 | Guard Tower |
| 6:53 | Scout Tower |
| 6:53 | Scout Tower |
| 8:05 | Summon Water Elemental |
| 8:13 | Guard Tower |
| 8:14 | Scout Tower |
| 8:29 | Storm Bolt |
| 8:31 | Town Hall |
| 8:35 | Scout Tower |
| 8:36 | Scout Tower |
| 8:37 | Scout Tower |
| 8:40 | Scout Tower |
| 8:42 | Scout Tower |
| 8:50 | Guard Tower |
| 8:51 | Scout Tower |
| 8:55 | Boots of Speed |
| 8:56 | Staff of Teleportation |
| 9:11 | Castle |
| 9:13 | Arcane Sanctum |
| 9:24 | Guard Tower |
| 9:25 | Scout Tower |
| 9:25 | Scout Tower |
| 9:39 | Arcane Tower |
| 9:39 | Guard Tower |
| 9:40 | Scout Tower |
| 9:42 | Scout Tower |
| 9:43 | Scout Tower |
| 9:43 | Scout Tower |
| 9:48 | Scout Tower |
| 9:48 | Scout Tower |
| 9:49 | Scout Tower |
| 9:49 | Scout Tower |
| 9:50 | Scout Tower |
| 9:50 | Scout Tower |
| 10:33 | Bash |
| 10:38 | Guard Tower |
| 10:39 | Scout Tower |
| 10:45 | Magic Sentry |
| 10:48 | Scout Tower |
| 10:49 | Scout Tower |
| 10:49 | Scout Tower |
| 10:51 | Guard Tower |
| 10:53 | Scout Tower |
| 10:53 | Scout Tower |
| 11:29 | Guard Tower |
| 11:32 | Imbued Masonry |
| 11:38 | Scroll of Regeneration |
| 11:45 | Guard Tower |
| 11:52 | Scout Tower |
| 11:53 | Guard Tower |
| 11:55 | Guard Tower |
| 11:56 | Peasant |
| 11:56 | Peasant |
| 11:59 | Scout Tower |
| 12:18 | Tome of Retraining |
| 12:18 | Retrain Hero |
| 12:20 | Blizzard |
| 12:20 | Blizzard |
| 12:21 | Brilliance Aura |
| 12:26 | Guard Tower |
| 12:55 | Guard Tower |
| 12:58 | Scout Tower |
| 12:58 | Scout Tower |
| 13:01 | Scout Tower |
| 13:01 | Scout Tower |
| 13:07 | Peasant |
| 13:14 | Scout Tower |
| 13:15 | Scout Tower |
| 13:20 | Guard Tower |
| 13:25 | Priest |
| 13:29 | Arcane Tower |
| 13:36 | Peasant |
| 13:43 | Guard Tower |
| 13:49 | Scout Tower |
| 13:50 | Scout Tower |
| 13:53 | Scout Tower |
| 14:05 | Guard Tower |
| 14:06 | Scout Tower |
| 14:06 | Scout Tower |
| 14:11 | Scout Tower |
| 14:19 | Priest Adept Training |
| 14:20 | Priest |
| 14:25 | Guard Tower |
| 14:48 | Arcane Vault |
| 15:33 | Holy Light |
| 15:45 | Guard Tower |
| 15:46 | Scout Tower |
| 15:47 | Brilliance Aura |
| 15:57 | Guard Tower |
| 16:00 | Scout Tower |
| 16:00 | Scout Tower |
| 16:01 | Scout Tower |
| 16:01 | Scout Tower |
| 16:04 | Boots of Speed |
| 16:05 | Staff of Teleportation |
| 16:06 | Circlet of Nobility |
| 17:16 | Storm Bolt |
| 18:04 | Guard Tower |
| 18:05 | Scout Tower |
| 18:06 | Scout Tower |
| 18:06 | Scout Tower |
| 18:09 | Scroll of Regeneration |
| 18:15 | Divine Shield |
| 18:26 | Guard Tower |
| 18:29 | Scout Tower |
| 18:29 | Guard Tower |
| 18:44 | Staff of Sanctuary |
| 18:59 | Staff of Sanctuary |
| 19:08 | Guard Tower |
| 19:09 | Scout Tower |
| 19:10 | Scout Tower |
| Right click | 1141 |
| Select group | 573 |
| Select | 298 |
| Assign group | 296 |
| Build/train/purchase | 213 |
| Use ability | 48 |
| Misc. action | 31 |
| Chat | 9 |
| Item give/drop | 6 |
| Resource trade | 6 |



| Staff of Sanctuary | 3 | 750 |
| Staff of Teleportation | 3 | 450 |
| Boots of Speed | 3 | 750 |
| Periapt of Vitality | 2 | 650 |
| Orb of Venom | 2 | 650 |
| total: | 13 | 3250g |
| Peasant | 16 | 1200 | / | 0 |
| Priest | 1 | 135 | / | 10 |
| total: | 17 | 1335g | / | 10w |
| Scout Tower | 106 | 3180 | / | 2120 |
| Arcane Tower | 7 | 490 | / | 350 |
| Guard Tower | 62 | 4340 | / | 3100 |
| Altar of Kings | 1 | 180 | / | 50 |
| Farm | 4 | 320 | / | 80 |
| Lumber Mill | 1 | 120 | / | 0 |
| Arcane Vault | 4 | 520 | / | 120 |
| Town Hall | 1 | 385 | / | 205 |
| Arcane Sanctum | 1 | 150 | / | 140 |
| Keep | 2 | 640 | / | 420 |
| Castle | 1 | 360 | / | 210 |
| total: | 118 | 4855g | / | 2715w |
| 0:01 | Peasant |
| 0:01 | Peasant |
| 0:08 | Altar of Kings |
| 0:17 | Farm |
| 0:20 | Peasant |
| 0:53 | Farm |
| 0:55 | Peasant |
| 0:57 | Peasant |
| 1:01 | Scout Tower |
| 1:14 | Lumber Mill |
| 1:18 | Scout Tower |
| 1:29 | Peasant |
| 1:29 | Peasant |
| 1:31 | Peasant |
| 1:33 | Scout Tower |
| 1:45 | Arcane Tower |
| 1:46 | Peasant |
| 1:46 | Peasant |
| 1:54 | Peasant |
| 2:05 | Arcane Tower |
| 2:06 | Scout Tower |
| 2:08 | Blizzard |
| 2:19 | Guard Tower |
| 2:28 | Scout Tower |
| 2:30 | Scout Tower |
| 2:58 | Guard Tower |
| 2:58 | Guard Tower |
| 3:00 | Scout Tower |
| 3:02 | Scout Tower |
| 3:02 | Scout Tower |
| 3:05 | Peasant |
| 3:05 | Peasant |
| 3:07 | Arcane Tower |
| 3:08 | Scout Tower |
| 3:09 | Scout Tower |
| 3:09 | Scout Tower |
| 3:18 | Scout Tower |
| 3:19 | Scout Tower |
| 3:19 | Scout Tower |
| 3:20 | Scout Tower |
| 3:20 | Scout Tower |
| 3:21 | Scout Tower |
| 3:22 | Scout Tower |
| 3:29 | Guard Tower |
| 4:06 | Guard Tower |
| 4:07 | Keep |
| 4:09 | Guard Tower |
| 4:11 | Guard Tower |
| 4:11 | Guard Tower |
| 4:13 | Scout Tower |
| 4:19 | Scout Tower |
| 4:20 | Scout Tower |
| 4:21 | Scout Tower |
| 4:28 | Guard Tower |
| 4:29 | Scout Tower |
| 4:30 | Scout Tower |
| 4:31 | Scout Tower |
| 4:33 | Farm |
| 4:34 | Farm |
| 4:44 | Staff of Teleportation |
| 4:51 | Boots of Speed |
| 5:01 | Guard Tower |
| 5:05 | Scout Tower |
| 5:06 | Scout Tower |
| 5:12 | Guard Tower |
| 5:19 | Guard Tower |
| 5:20 | Scout Tower |
| 5:38 | Brilliance Aura |
| 5:47 | Guard Tower |
| 6:11 | Guard Tower |
| 6:12 | Scout Tower |
| 6:41 | Guard Tower |
| 6:45 | Scout Tower |
| 6:46 | Scout Tower |
| 6:46 | Scout Tower |
| 6:48 | Guard Tower |
| 6:49 | Guard Tower |
| 7:03 | Scout Tower |
| 7:04 | Scout Tower |
| 7:05 | Guard Tower |
| 7:26 | Arcane Vault |
| 7:39 | Storm Bolt |
| 8:16 | Boots of Speed |
| 8:22 | Town Hall |
| 8:25 | Scout Tower |
| 8:25 | Scout Tower |
| 8:26 | Scout Tower |
| 8:27 | Scout Tower |
| 8:27 | Scout Tower |
| 8:27 | Scout Tower |
| 8:28 | Scout Tower |
| 8:28 | Scout Tower |
| 8:53 | Guard Tower |
| 8:54 | Guard Tower |
| 8:57 | Guard Tower |
| 8:58 | Guard Tower |
| 9:06 | Arcane Sanctum |
| 9:20 | Guard Tower |
| 9:20 | Guard Tower |
| 9:24 | Scout Tower |
| 9:24 | Guard Tower |
| 9:38 | Improved Masonry |
| 10:16 | Castle |
| 10:43 | Guard Tower |
| 11:01 | Blizzard |
| 11:04 | Arcane Tower |
| 11:04 | Guard Tower |
| 11:06 | Guard Tower |
| 11:29 | Scout Tower |
| 11:29 | Scout Tower |
| 11:30 | Scout Tower |
| 11:30 | Scout Tower |
| 11:31 | Scout Tower |
| 11:31 | Scout Tower |
| 11:34 | Scout Tower |
| 11:35 | Scout Tower |
| 11:35 | Scout Tower |
| 11:35 | Scout Tower |
| 11:36 | Scout Tower |
| 11:39 | Arcane Vault |
| 11:43 | Scout Tower |
| 11:44 | Scout Tower |
| 11:44 | Scout Tower |
| 11:45 | Scout Tower |
| 11:45 | Scout Tower |
| 11:45 | Scout Tower |
| 11:47 | Magic Sentry |
| 11:47 | Priest |
| 12:14 | Staff of Teleportation |
| 12:14 | Periapt of Vitality |
| 12:15 | Boots of Speed |
| 12:38 | Advanced Masonry |
| 12:44 | Staff of Sanctuary |
| 13:10 | Arcane Vault |
| 13:17 | Guard Tower |
| 13:17 | Guard Tower |
| 13:26 | Arcane Vault |
| 13:39 | Holy Light |
| 13:47 | Scout Tower |
| 13:48 | Scout Tower |
| 13:49 | Scout Tower |
| 13:49 | Scout Tower |
| 13:50 | Scout Tower |
| 13:50 | Scout Tower |
| 13:51 | Scout Tower |
| 13:51 | Scout Tower |
| 13:53 | Scout Tower |
| 13:53 | Scout Tower |
| 13:54 | Scout Tower |
| 13:54 | Scout Tower |
| 14:15 | Guard Tower |
| 14:28 | Guard Tower |
| 14:29 | Imbued Masonry |
| 14:36 | Staff of Teleportation |
| 14:48 | Guard Tower |
| 15:18 | Guard Tower |
| 15:41 | Staff of Sanctuary |
| 15:48 | Scout Tower |
| 15:48 | Scout Tower |
| 15:49 | Scout Tower |
| 15:49 | Scout Tower |
| 15:50 | Scout Tower |
| 15:52 | Guard Tower |
| 15:56 | Scout Tower |
| 15:57 | Scout Tower |
| 15:57 | Scout Tower |
| 15:58 | Scout Tower |
| 15:59 | Scout Tower |
| 16:00 | Guard Tower |
| 16:06 | Scout Tower |
| 16:06 | Scout Tower |
| 16:07 | Scout Tower |
| 16:08 | Scout Tower |
| 16:28 | Bash |
| 16:40 | Staff of Sanctuary |
| 16:53 | Periapt of Vitality |
| 17:37 | Orb of Venom |
| 18:08 | Arcane Tower |
| 18:08 | Guard Tower |
| 18:09 | Guard Tower |
| 18:11 | Guard Tower |
| 18:11 | Arcane Tower |
| 18:12 | Guard Tower |
| 18:14 | Guard Tower |
| 18:16 | Guard Tower |
| 18:16 | Guard Tower |
| 18:21 | Peasant |
| 18:22 | Peasant |
| 18:22 | Peasant |
| 19:09 | Scout Tower |
| 19:10 | Scout Tower |
| 19:10 | Scout Tower |
| 19:10 | Scout Tower |
| 19:11 | Scout Tower |
| 19:11 | Scout Tower |
| 19:12 | Scout Tower |
| 19:12 | Scout Tower |
| 19:12 | Scout Tower |
| 19:13 | Scout Tower |
| 19:13 | Scout Tower |
| 19:13 | Scout Tower |
| 19:26 | Scout Tower |
| 19:26 | Scout Tower |
| 19:27 | Scout Tower |
| 19:27 | Scout Tower |
| 19:28 | Scout Tower |
| 19:28 | Scout Tower |
| 19:29 | Scout Tower |
| 19:41 | Orb of Venom |
| 20:07 | Guard Tower |
| Right click | 1588 |
| Select | 598 |
| Select group | 183 |
| Build/train/purchase | 153 |
| Use ability | 53 |
| Misc. action | 17 |
| Assign group | 11 |
| Item give/drop | 10 |
| Minimap ping | 6 |
| Resource trade | 4 |



| Orb of Venom | 2 | 650 |
| Staff of Teleportation | 3 | 450 |
| Boots of Speed | 3 | 750 |
| Circlet of Nobility | 4 | 700 |
| Periapt of Vitality | 2 | 650 |
| Staff of Sanctuary | 3 | 750 |
| total: | 17 | 3950g |
| Wisp | 26 | 1560 | / | 0 |
| total: | 26 | 1560g | / | 0w |
| Altar of Elders | 1 | 180 | / | 50 |
| Moon Well | 16 | 2880 | / | 640 |
| Tree of Life | 3 | 1020 | / | 555 |
| Hunter's Hall | 1 | 210 | / | 100 |
| Ancient of Wonders | 2 | 180 | / | 60 |
| Ancient of Wind | 1 | 150 | / | 140 |
| Tree of Ages | 1 | 320 | / | 180 |
| Tree of Eternity | 1 | 330 | / | 200 |
| total: | 24 | 4620g | / | 1545w |
| 0:03 | Wisp |
| 0:03 | Wisp |
| 0:04 | Altar of Elders |
| 0:20 | Wisp |
| 0:20 | Wisp |
| 0:24 | Moon Well |
| 0:43 | Moon Well |
| 0:47 | Wisp |
| 0:55 | Wisp |
| 0:59 | Wisp |
| 1:20 | Wisp |
| 1:36 | Wisp |
| 1:36 | Wisp |
| 1:38 | Wisp |
| 1:38 | Wisp |
| 1:57 | Wisp |
| 1:59 | Wisp |
| 2:12 | Wisp |
| 2:13 | Wisp |
| 2:27 | Entangling Roots |
| 2:40 | Wisp |
| 2:41 | Wisp |
| 4:16 | Tree of Ages |
| 4:32 | Moon Well |
| 4:32 | Moon Well |
| 4:45 | Staff of Teleportation |
| 4:45 | Boots of Speed |
| 6:06 | Tree of Life |
| 6:23 | Thorns Aura |
| 6:40 | Tree of Eternity |
| 7:06 | Moon Well |
| 7:08 | Moon Well |
| 7:21 | Frost Arrows |
| 7:28 | Hunter's Hall |
| 8:13 | Staff of Teleportation |
| 8:13 | Boots of Speed |
| 8:18 | Circlet of Nobility |
| 9:08 | Silence |
| 9:32 | Well Spring |
| 9:33 | Ultravision |
| 9:38 | Wisp |
| 9:38 | Wisp |
| 9:39 | Wisp |
| 9:39 | Wisp |
| 9:40 | Wisp |
| 9:45 | Moon Well |
| 9:46 | Moon Well |
| 10:21 | Tree of Life |
| 10:41 | Mana Shield |
| 11:26 | Ancient of Wonders |
| 11:30 | Ancient of Wonders |
| 11:43 | Moon Well |
| 11:43 | Moon Well |
| 12:11 | Wisp |
| 12:11 | Wisp |
| 12:12 | Wisp |
| 12:16 | Moon Well |
| 12:18 | Moon Well |
| 12:29 | Orb of Venom |
| 12:46 | Staff of Teleportation |
| 12:46 | Boots of Speed |
| 12:46 | Periapt of Vitality |
| 12:46 | Circlet of Nobility |
| 13:16 | Moon Well |
| 13:17 | Moon Well |
| 13:37 | Entangling Roots |
| 13:38 | Life Drain |
| 14:08 | Tree of Life |
| 14:31 | Orb of Venom |
| 14:38 | Staff of Sanctuary |
| 14:44 | Periapt of Vitality |
| 14:46 | Circlet of Nobility |
| 15:57 | Staff of Sanctuary |
| 18:00 | Moon Well |
| 18:01 | Moon Well |
| 18:09 | Staff of Sanctuary |
| 18:32 | Frost Arrows |
| 18:36 | Circlet of Nobility |
| 18:43 | Strength of the Wild |
| 18:44 | Reinforced Hides |
| 18:45 | Ancient of Wind |
| 19:36 | Silence |
| Right click | 1254 |
| Select group | 696 |
| Select | 201 |
| Resource trade | 147 |
| Build/train/purchase | 67 |
| Use ability | 58 |
| Misc. action | 53 |
| Minimap ping | 23 |
| Assign group | 5 |
| Item give/drop | 5 |
| Esc | 2 |